Map: Cinder Fortress

Players

A.I. 5 (Medium)

  • Race: Protoss Protoss
  • Spawn Location: 6:00

A.I. 4 (Medium)

  • Race: Terran Terran
  • Spawn Location: 5:00

A.I. 3 (Medium)

  • Race: Zerg Zerg
  • Spawn Location: 3:00

FroGGe - Winner!

  • Race: Zerg Zerg
  • Spawn Location: 9:00

Lunarbears - Winner!

  • Race: Terran Terran
  • Spawn Location: 12:00

larsgj - Winner!

  • Race: Terran Terran
  • Spawn Location: 11:00

VOD

Have the link to the VOD?

Description

Time

  • Played on: May 7, 2020, 3:04 p.m.
  • Length: 26:34
Show
View Real Time Build Order
Export as new Build Order

A.I. 5 (Medium) Protoss 

Build Orders:  

Get SALT Encoding   

  12  0:01  Probe  
  13  0:13  Probe  
  14  0:20  Pylon  
  14  0:25  Probe  
  15  0:34  Probe  
  15  0:42  Probe  
  16  0:47  Assimilator  
  17  0:51  Gateway  
  17  0:52  Probe  
  18  0:59  Pylon  
  18  1:26  Gateway  
  18  1:32  Assimilator  
  18  1:38  Zealot  
  20  1:42  Cybernetics Core  
  20  2:00  Zealot  
  22  2:08  Pylon  
  22  2:19  Stalker, Warp Gate  
  24  2:39  Stalker  
  26  2:53  Stalker  
  26  3:01  Pylon  
  26  3:02  Probe  
  29  3:14  Probe  
  29  3:19  Adept  
  32  3:25  Forge  
  32  3:26  Probe  
  33  3:38  Probe  
  33  3:39  Stalker  
  36  3:51  Probe  
  37  4:03  Probe  
  37  4:07  Stalker  
  40  6:36  Probe  
  40  6:37  Sentry  
  43  6:47  Nexus, Pylon  
  43  6:50  Photon Cannon  
  43  6:51  Photon Cannon, Sentry  
  43  6:54  Robotics Facility  
  45  6:57  Twilight Council  
  45  7:02  Gateway  
  45  7:05  Adept, Forge  
  47  7:08  Stargate  
  47  7:15  Pylon  
  45  7:18  Stalker  
  47  7:32  Stalker  
  45  7:40  Observer  
  38  7:46  Stalker  
  38  7:54  Observer  
  38  7:59  Probe  
  38  8:00  Zealot  
  38  8:02  Probe  
  43  8:06  Assimilator  
  43  8:11  Pylon  
  43  8:12  Probe  
  44  8:13  Pylon  
  44  8:14  Probe, Zealot  
  44  8:15  Assimilator  
  47  8:21  Probe  
  47  8:27  Probe, Adept  
  49  8:29  Probe  
  52  8:34  Photon Cannon  
  52  8:37  Photon Cannon  
  52  8:38  Probe  
  52  8:39  Probe  
  52  8:41  Stalker  
  56  8:50  Probe  
  56  8:51  Probe  
  56  8:54  Stalker  
  60  8:58  Probe  
  61  9:03  Probe  
  61  9:06  Probe  
  62  9:15  Probe  
  62  9:16  Probe  
  65  9:25  Probe  
  65  9:28  Probe  
  67  9:33  Probe  
  68  9:40  Probe  
  69  11:04  Warp Prism  
  69  11:13  Protoss Ground Armor Level 1, Protoss Ground Weapons Level 1  
  69  11:17  Gateway  
  71  11:21  Templar Archives  
  71  11:24  Stargate  
  71  11:27  Dark Shrine  
  71  11:33  Fleet Beacon, Observer  
  71  11:34  Robotics Facility  
  71  11:38  Robotics Bay  
  72  11:52  Immortal  
  54  12:03  Zealot  
  56  12:15  Zealot  
  58  12:21  Warp Prism  
  60  12:25  Gravitic Drive  
  60  12:27  Stalker  
  62  12:39  Stalker  
  64  12:52  High Templar  
  66  13:04  High Templar  
  68  13:12  Gravitic Boosters  
  68  13:14  Nexus  
  68  13:17  High Templar, Archon  
  70  13:30  High Templar  
  72  13:42  Archon  
  72  13:43  High Templar  
  74  13:55  High Templar  
  76  14:08  Archon  
  76  14:09  High Templar  
  78  14:21  High Templar  
  80  14:27  Probe  
  80  14:30  Probe  
  82  14:33  Probe  
  82  14:34  Archon  
  83  14:39  Probe  
  83  14:40  Probe  
  83  14:42  Assimilator  
  83  14:44  Pylon  
  83  14:45  Probe  
  86  14:48  Probe, Pylon  
  86  14:51  Probe, Assimilator  
  88  14:54  Protoss Ground Weapons Level 2, Sentry  
  88  14:57  Probe  
  91  15:02  Protoss Air Weapons Level 1, Stalker  
  91  15:05  Protoss Ground Armor Level 2  
  93  15:09  Immortal  
  93  15:11  Sentry  
  93  15:13  Photon Cannon  
  95  15:17  Photon Cannon  
  99  15:49  High Templar  
  81  15:58  Zealot  
  75  16:06  Zealot  
  77  16:14  Stalker  
  79  16:22  High Templar  
  81  16:30  Stalker  
  83  16:38  Immortal  
  87  16:47  Dark Templar, Archon  
  89  16:58  Stalker  
  91  17:06  Zealot  
  91  17:07  Pylon  
  86  17:11  Probe  
  86  17:13  Stalker  
  86  17:14  Probe  
  69  17:18  Probe  
  59  17:23  Probe  
  59  17:24  Probe  
  59  17:27  Void Ray  
  59  17:30  Immortal  
  59  17:32  Probe  
  59  17:35  Probe  
  59  17:37  Zealot  
  62  17:41  Probe  
  54  17:44  Stalker  
  54  17:47  Probe  
  57  17:51  Stalker  
  57  17:53  Probe, Nexus  
  57  17:58  Pylon  
  60  17:59  Probe, Stalker  
  60  18:02  Pylon  
  60  18:03  Observer  
  60  18:05  Probe  
  64  18:06  Zealot  
  64  18:08  Assimilator  
  64  18:11  Probe  
  64  18:15  Assimilator  
  64  18:17  Probe, Void Ray  
  52  18:20  Stalker  
  52  18:21  Pylon  
  52  18:23  Probe  
  46  18:27  Photon Cannon  
  46  18:28  Stalker  
  46  18:29  Probe  
  41  18:36  Sentry  
  41  18:40  Sentry  
  32  18:41  Probe, Photon Cannon  
  32  18:46  Assimilator  
  26  18:50  Cybernetics Core  
  26  18:53  Probe  
  31  19:02  Probe  
  31  19:03  Zealot  
  31  19:07  Probe  
  34  19:10  Probe  
  35  19:19  Probe  
  35  19:20  Probe  
  35  19:21  Pylon  
  29  19:30  Robotics Facility  
  29  19:31  Probe  
  29  19:32  Probe  
  29  19:35  Stargate  
  31  19:39  Probe  
  31  19:44  Protoss Air Armor Level 1  
  32  19:49  Gateway  
  32  19:52  Pylon  
  32  19:54  Forge  
  32  19:57  Twilight Council  
  32  20:02  Probe  
  33  20:08  Probe  
  33  20:10  Probe  
  32  20:19  Probe, Immortal  
  32  20:20  Probe  
  37  20:22  Void Ray  
  42  20:30  Fleet Beacon  
  42  20:31  Probe  
  42  20:32  Probe  
  44  20:37  Dark Shrine  
  44  20:43  Probe, Stalker  
  44  20:44  Probe  
  44  20:48  Gateway  
  48  20:52  Robotics Facility  
  48  20:55  Stargate  
  48  20:56  Observer  
  49  21:06  Zealot  
  51  21:26  Adept  
  53  21:38  Pylon  
  53  21:42  Adept  
  53  21:43  Gateway  
  53  21:46  Stalker  
  30  22:02  Zealot  
  30  22:07  Probe  
  24  22:09  Zealot  
  24  22:19  Probe  
  24  22:22  Zealot  
  19  22:30  Zealot  
  19  22:32  Probe  
  22  22:37  Sentry  
  22  22:42  Probe  
  25  22:44  Stalker  
  25  22:47  Nexus  
  25  22:50  Probe  
  28  22:58  Probe  
  29  23:10  Probe  
  30  23:22  Probe  
  31  23:30  Gateway  
  31  23:37  Stalker  
  33  24:01  Pylon  
  33  24:08  Stalker  
  35  24:20  Probe  
  35  24:23  Probe  
  37  24:32  Probe  
  37  24:35  Probe  
  37  24:40  Gateway  
  37  24:44  Probe, Zealot  
  38  24:46  Probe  
  38  24:52  Adept  
  41  25:01  Stalker  
  43  25:08  Stalker  
  45  25:16  Zealot  
  44  25:24  Stalker  
  41  25:46  Zealot  
  36  25:52  Pylon  
  36  25:53  Stalker  
  30  26:13  Probe  
Show
View Real Time Build Order
Export as new Build Order

A.I. 4 (Medium) Terran 

Build Orders:  

Get SALT Encoding   

  12  0:01  SCV  
  13  0:13  SCV  
  14  0:18  Supply Depot  
  14  0:25  SCV  
  15  0:40  SCV  
  16  0:43  Barracks  
  16  0:48  Refinery  
  16  0:52  SCV  
  17  1:04  SCV  
  18  1:17  Supply Depot  
  18  1:30  Marine  
  19  1:34  Orbital Command, Barracks  
  19  1:42  Refinery  
  19  1:48  Barracks Tech Lab  
  19  2:06  Marine  
  20  2:11  Supply Depot  
  20  2:24  Marine  
  20  2:29  Marine, SCV  
  23  2:41  SCV  
  23  2:42  Marine  
  23  2:44  Engineering Bay  
  25  2:49  Marine  
  26  2:54  SCV  
  26  2:56  Supply Depot  
  27  3:00  Marauder  
  29  3:06  SCV  
  30  3:18  SCV  
  31  3:22  Marauder  
  33  3:30  SCV  
  34  3:43  Marauder  
  36  5:21  Barracks Tech Lab  
  36  5:22  Reaper  
  36  5:23  SCV  
  36  5:25  Factory  
  38  5:29  Factory  
  38  5:31  Supply Depot  
  38  5:33  Missile Turret  
  38  5:35  SCV, Missile Turret  
  39  5:37  Sensor Tower  
  39  5:39  Marine  
  39  5:41  Barracks  
  40  5:52  Command Center  
  40  5:55  Marauder  
  42  5:57  Bunker  
  42  5:58  Reaper  
  43  6:11  Starport, Factory Tech Lab  
  43  6:12  Factory Tech Lab  
  43  6:14  Armory  
  43  6:16  Marine  
  39  6:28  Barracks Reactor  
  39  6:29  Marine  
  40  6:34  Marauder  
  35  6:47  Marine  
  35  6:49  Starport Tech Lab  
  36  6:55  Marauder  
  38  7:04  SCV  
  38  7:05  Refinery  
  38  7:06  Marauder  
  38  7:08  SCV, Marine  
  45  7:16  SCV  
  45  7:17  Raven, Marine  
  45  7:20  SCV, Missile Turret  
  48  7:23  Refinery  
  48  7:25  Missile Turret  
  48  7:26  Marine  
  48  7:28  SCV  
  50  7:32  SCV  
  50  7:34  Marine  
  52  7:41  SCV  
  53  7:44  SCV  
  54  7:51  Bunker  
  54  7:53  SCV  
  54  7:56  SCV  
  58  8:00  Raven  
  58  8:05  SCV  
  59  8:08  SCV  
  60  8:17  SCV  
  61  8:20  SCV  
  61  8:24  Supply Depot  
  62  8:29  SCV  
  62  8:32  SCV  
  64  8:41  SCV  
  64  8:44  SCV  
  66  8:53  SCV  
  67  8:57  SCV  
  68  9:25  Medivac  
  68  9:26  Marine  
  68  9:27  Stimpack, Combat Shield  
  68  9:28  Terran Infantry Weapons Level 1  
  68  9:30  Starport  
  71  9:31  Marine  
  71  9:32  Supply Depot  
  71  9:37  Marine, Ghost Academy  
  73  9:40  Fusion Core  
  73  9:43  Marine  
  73  9:45  Engineering Bay  
  74  9:48  Armory  
  74  9:50  Marauder  
  76  9:56  Marauder  
  76  9:57  Supply Depot  
  80  10:03  Raven, Reaper  
  80  10:06  Medivac  
  77  10:09  Marine  
  77  10:11  Terran Infantry Armor Level 1  
  73  10:16  Marine  
  72  10:22  Marine  
  72  10:23  Supply Depot  
  72  10:28  Marine  
  73  10:34  Marine  
  66  10:37  Starport Tech Lab  
  66  10:40  Marine  
  69  10:46  Raven, Marine, Concussive Shells  
  69  10:48  Supply Depot  
  70  10:52  Marine  
  73  10:58  Reaper  
  73  11:01  Command Center  
  73  11:04  Raven, Reaper  
  75  11:09  Siege Tank  
  78  11:16  Marauder  
  80  11:21  Reaper  
  81  11:37  Marauder  
  83  11:53  Marauder  
  85  11:58  Marauder  
  87  12:14  SCV  
  87  12:15  Marauder  
  90  12:17  SCV  
  90  12:20  Marauder, SCV  
  94  12:26  SCV  
  94  12:29  SCV  
  96  12:32  SCV  
  97  12:38  SCV, Refinery  
  97  12:41  SCV, Missile Turret  
  97  12:43  Missile Turret  
  99  12:44  Refinery  
  99  13:05  Bunker  
  99  14:03  Siege Tank  
  99  14:05  Terran Infantry Weapons Level 2  
  99  14:06  Terran Infantry Armor Level 2  
  99  14:07  Terran Ship Weapons Level 1, Terran Vehicle Weapons Level 1  
  99  14:08  Supply Depot  
  99  14:09  Hellion  
  104  14:30  Siege Tank  
  107  14:31  Supply Depot  
  107  14:35  Siege Tank  
  110  14:58  Supply Depot  
  105  15:02  Marine, Siege Tank  
  90  15:08  Marine  
  90  15:13  Marine  
  75  15:15  Raven  
  75  15:18  Raven, Marine  
  76  15:23  Marine  
  77  15:28  Marine  
  77  15:34  Marine  
  78  15:39  Marine  
  79  15:44  Marine  
  79  15:49  Marine  
  83  15:51  Medivac  
  83  15:54  Marine  
  86  15:58  Raven  
  86  16:00  Marine  
  86  16:01  Terran Vehicle And Ship Armor Level 1  
  86  16:02  Terran Vehicle Weapons Level 2  
  86  16:05  Siege Tank  
  89  16:12  Siege Tank  
  92  16:21  Medivac  
  92  16:23  Command Center  
  94  16:32  Terran Infantry Weapons Level 3  
  94  16:33  Terran Infantry Armor Level 3  
  94  16:37  Thor  
  99  16:44  Siege Tank  
  102  16:57  Viking  
  104  17:04  Viking  
  103  17:16  Siege Tank  
  103  17:21  Hellion  
  99  17:24  Marine  
  99  17:29  Marine  
  96  17:35  Marine  
  96  17:36  Raven  
  85  17:40  Marine  
  83  17:46  Marine  
  83  17:51  Marine  
  78  17:56  Marine  
  78  17:57  Terran Vehicle And Ship Armor Level 2  
  80  18:02  Marine, Command Center  
  81  18:08  Marine  
  82  18:14  Marine  
  83  18:20  Marine  
  83  18:26  Raven, Marine  
  81  18:32  Siege Tank  
  83  18:38  Siege Tank  
  80  18:42  Raven  
  71  18:54  Marine  
  68  19:00  Marine, Medivac  
  65  19:06  Marine  
  65  19:12  Marine  
  68  19:17  Refinery  
  68  19:18  Siege Tank  
  71  19:25  Raven  
  71  19:30  Marine  
  74  19:37  Marine  
  64  19:40  SCV, Missile Turret  
  64  19:43  Marine, Missile Turret, SCV  
  64  19:46  Refinery  
  64  19:48  Marine  
  65  19:54  Siege Tank  
  65  19:58  Factory  
  68  20:01  Viking  
  70  20:09  Marauder, SCV  
  73  20:16  Marine  
  73  20:17  Armory  
  73  20:21  Bunker  
  74  20:27  Hellion  
  76  20:30  Marine  
  77  20:37  Marine  
  78  20:43  Thor  
  86  20:50  Hellion  
  86  20:56  Marine  
  89  21:11  Widow Mine  
  89  21:20  Marine  
  84  21:26  Raven, Marine  
  84  21:32  Marine  
  86  21:37  Marine  
  85  21:40  Marine  
  85  21:41  Missile Turret  
  85  21:44  Marine  
  84  21:49  Marine  
  84  21:51  SCV  
  83  21:55  SCV, Marine  
  83  21:57  SCV  
  83  21:58  Marine, Siege Tank  
  83  22:00  SCV  
  90  22:01  Siege Tank, Ghost  
  90  22:04  SCV  
  90  22:07  SCV, Marine  
  89  22:09  SCV  
  89  22:13  Marine  
  90  22:16  Marine, SCV  
  90  22:20  Viking  
  90  22:22  SCV  
  86  22:25  SCV, Marine  
  86  22:28  SCV  
  86  22:29  Bunker  
  82  22:30  Marine  
  82  22:31  Marine  
  82  22:33  Marine, Missile Turret  
  82  22:34  SCV  
  86  22:37  SCV  
  86  22:40  Hellion, SCV  
  86  22:46  SCV, Marine  
  86  22:48  Marauder  
  76  22:51  Marine x2  
  76  22:52  SCV  
  57  22:59  Viking  
  57  23:03  SCV  
  57  23:04  Marine, Command Center  
  60  23:07  Raven, SCV  
  60  23:09  Marine  
  60  23:10  Marauder, Marine  
  62  23:15  SCV  
  62  23:19  SCV  
  63  23:22  Marine  
  63  23:27  SCV, Marauder  
  63  23:28  Marine  
  63  23:31  Marine  
  55  23:40  Marine  
  48  23:46  Marine  
  45  23:48  Marine x2  
  45  23:49  Refinery  
  45  23:53  Hellion  
  47  23:57  Marine  
  47  24:01  SCV  
  45  24:04  Marine  
  45  24:06  Marine  
  45  24:07  Marauder  
  45  24:08  SCV  
  48  24:13  SCV  
  47  24:17  SCV  
  47  24:20  SCV  
  50  24:24  Marine  
  50  24:26  SCV  
  50  24:28  Marine  
  50  24:29  SCV  
  47  24:35  SCV  
  41  24:39  Refinery  
  41  24:41  SCV  
  41  24:44  SCV  
  39  24:47  SCV  
  39  24:48  Hellion  
  38  24:56  Missile Turret  
  38  24:59  Missile Turret  
  28  25:37  Supply Depot  
  28  25:39  Supply Depot  
Show
View Real Time Build Order
Export as new Build Order

A.I. 3 (Medium) Zerg 

Build Orders: 1 Base Baneling Bust, Pool First 

Get SALT Encoding   

  12  0:01  Drone  
  13  0:12  Overlord  
  13  0:17  Drone  
  14  0:30  Drone  
  14  0:33  Drone  
  16  0:43  Spawning Pool  
  16  0:45  Drone  
  16  0:49  Drone  
  17  0:52  Extractor  
  17  0:55  Drone  
  17  1:06  Overlord  
  17  1:30  Queen  
  17  1:31  Zergling x2  
  20  1:35  Roach Warren  
  20  1:38  Drone, Zergling x2  
  21  1:49  Drone  
  22  1:59  Overlord  
  22  2:17  Extractor, Drone  
  22  2:21  Drone  
  23  2:32  Drone  
  23  2:33  Baneling Nest  
  23  2:36  Roach, Drone  
  26  2:41  Overlord  
  26  2:43  Roach  
  28  2:54  Drone  
  28  2:55  Evolution Chamber  
  28  3:04  Drone  
  29  3:09  Roach, Drone  
  29  3:12  Drone  
  33  3:16  Drone  
  36  3:27  Roach  
  36  4:29  Drone, Lair, Overlord  
  37  4:32  Drone, Spore Crawler  
  37  4:34  Spore Crawler  
  37  4:35  Drone  
  37  4:38  Drone  
  38  4:53  Evolution Chamber  
  38  4:55  Drone  
  38  4:59  Spine Crawler  
  37  5:00  Drone  
  37  5:01  Spine Crawler  
  37  5:03  Drone  
  38  5:27  Queen  
  38  5:28  Spire, Overseer  
  39  5:29  Overseer  
  39  5:31  Roach, Infestation Pit  
  39  5:32  Drone  
  39  5:34  Hydralisk Den  
  39  5:35  Drone  
  31  5:43  Zergling x2  
  32  5:55  Roach  
  34  6:07  Roach  
  36  6:19  Roach  
  38  6:25  Hatchery  
  38  6:26  Drone  
  38  6:31  Infestor  
  40  6:43  Infestor  
  42  6:55  Hydralisk  
  44  7:39  Drone, Queen  
  44  7:42  Drone  
  48  7:45  Drone  
  48  7:48  Drone  
  48  7:51  Drone  
  51  7:54  Drone  
  51  7:57  Drone  
  51  7:58  Overlord  
  53  7:59  Extractor, Drone  
  53  8:02  Drone  
  53  8:03  Spore Crawler  
  53  8:05  Drone, Spore Crawler  
  53  8:07  Extractor  
  53  8:08  Drone  
  53  8:11  Drone  
  54  8:14  Drone  
  54  8:17  Drone  
  56  8:20  Drone  
  56  8:23  Hydralisk, Drone, Overlord  
  56  8:24  Hive, Overseer  
  56  8:25  Pneumatized Carapace  
  60  8:51  Overlord  
  60  9:09  Hydralisk  
  60  9:12  Overlord  
  55  9:21  Zergling x2  
  55  9:22  Overseer  
  50  9:24  Overseer  
  48  9:31  Drone  
  48  9:32  Hydralisk  
  48  9:36  Overlord  
  52  9:38  Drone  
  52  9:41  Drone, Ultralisk Cavern  
  52  9:44  Hydralisk, Drone  
  55  9:47  Drone  
  55  9:50  Drone  
  57  9:53  Drone  
  57  9:55  Drone  
  57  9:57  Overlord  
  59  10:02  Zerg Melee Weapons Level 1  
  59  10:08  Zerg Ground Armor Level 1  
  59  10:16  Burrow  
  59  10:23  Spine Crawler  
  59  10:25  Drone  
  59  10:28  Spine Crawler  
  58  10:29  Drone  
  58  10:30  Ultralisk  
  58  10:32  Greater Spire  
  65  10:41  Ultralisk  
  71  10:53  Ultralisk  
  77  11:21  Overlord, Overseer  
  77  11:45  Spire  
  76  11:56  Zerg Missile Weapons Level 1  
  76  12:11  Overlord, Ultralisk  
  76  12:12  Zerg Melee Weapons Level 2  
  82  12:21  Ultralisk  
  88  12:30  Overlord  
  88  12:31  Ultralisk  
  91  13:20  Ultralisk  
  91  13:22  Overlord  
  79  13:31  Hydralisk  
  79  13:34  Overseer  
  75  13:38  Overseer  
  75  13:40  Overlord  
  75  13:42  Hydralisk  
  75  13:48  Hatchery  
  76  13:50  Zerg Ground Armor Level 2  
  76  13:52  Ultralisk  
  82  13:59  Overlord  
  82  14:03  Ultralisk  
  88  14:12  Hydralisk  
  90  14:19  Overlord  
  90  14:22  Hydralisk  
  92  14:29  Zerg Melee Weapons Level 3  
  92  14:33  Zergling x2  
  93  15:01  Drone  
  93  15:04  Queen  
  93  15:05  Drone  
  97  15:08  Drone  
  97  15:11  Drone  
  97  15:14  Drone  
  100  15:16  Overlord  
  100  15:17  Drone  
  100  15:21  Zerg Flyer Weapons Level 1  
  101  15:33  Extractor  
  101  15:35  Spore Crawler  
  99  15:40  Extractor  
  99  15:41  Drone  
  99  15:44  Spore Crawler  
  98  15:54  Ultralisk  
  98  16:03  Drone  
  98  16:04  Zerg Flyer Armor Level 1  
  99  16:05  Drone, Zerg Missile Weapons Level 2  
  99  16:08  Drone  
  101  16:13  Spine Crawler  
  101  16:15  Roach  
  102  16:18  Spine Crawler  
  102  16:19  Roach  
  102  16:20  Drone, Overlord  
  102  16:23  Roach  
  106  16:27  Roach  
  106  16:30  Roach  
  107  16:34  Roach  
  107  16:36  Drone  
  107  16:39  Zergling x2  
  82  16:40  Drone  
  82  16:44  Hydralisk  
  73  16:48  Hydralisk  
  73  16:49  Drone  
  73  16:52  Hydralisk  
  75  16:54  Drone  
  75  16:55  Hydralisk  
  75  16:58  Drone  
  75  16:59  Hydralisk  
  81  17:03  Infestor  
  81  17:06  Zerg Ground Armor Level 3  
  81  17:10  Queen  
  82  17:18  Drone  
  82  17:22  Roach, Drone  
  81  17:28  Drone  
  81  17:33  Drone  
  81  17:34  Zergling x2, Zerg Flyer Weapons Level 2  
  81  17:36  Drone  
  81  17:38  Roach  
  81  17:43  Roach  
  71  17:45  Overseer  
  71  17:46  Roach  
  71  17:50  Roach  
  71  17:51  Drone  
  75  17:54  Roach  
  76  17:59  Roach, Zerg Flyer Armor Level 2  
  76  18:03  Hydralisk  
  76  18:05  Drone  
  79  18:07  Overseer  
  79  18:09  Drone  
  79  18:11  Infestor  
  79  18:12  Drone  
  76  18:15  Hydralisk  
  76  18:19  Zergling x2  
  69  18:23  Hydralisk  
  69  18:24  Zerg Missile Weapons Level 3  
  70  18:27  Drone, Overseer  
  70  18:29  Roach  
  70  18:30  Drone  
  70  18:33  Roach  
  72  18:36  Hydralisk  
  72  18:37  Queen  
  72  18:40  Hydralisk  
  76  18:45  Hydralisk  
  77  18:51  Hydralisk  
  76  18:57  Drone  
  76  19:01  Zergling x2  
  77  19:04  Drone  
  77  19:30  Corruptor  
  79  19:31  Overlord  
  79  19:37  Drone  
  79  19:53  Ravager  
  79  19:54  Ravager x2  
  79  19:55  Hatchery  
  79  19:56  Drone  
  82  20:11  Corruptor  
  82  20:12  Overlord  
  84  20:22  Zergling x2  
  84  20:32  Overlord, Infestor  
  84  20:33  Overseer  
  86  20:42  Corruptor, Brood Lord  
  90  20:52  Overlord  
  90  20:56  Drone  
  83  20:59  Drone  
  83  21:03  Infestor  
  76  21:10  Drone, Queen  
  77  21:12  Extractor  
  77  21:13  Drone  
  77  21:14  Corruptor, Brood Lord  
  77  21:16  Drone, Spore Crawler  
  81  21:19  Drone, Spore Crawler  
  81  21:22  Extractor, Drone  
  81  21:25  Drone  
  81  21:26  Spore Crawler  
  81  21:28  Drone, Corruptor  
  81  21:31  Drone  
  82  21:34  Drone  
  82  21:37  Drone  
  82  21:40  Drone  
  82  21:43  Drone  
  82  21:47  Drone, Spine Crawler  
  81  21:50  Drone  
  81  21:52  Spine Crawler  
  81  21:53  Drone  
  78  21:57  Drone, Spine Crawler, Queen  
  78  22:00  Drone  
  75  22:02  Spore Crawler  
  75  22:03  Drone  
  75  22:06  Hydralisk, Drone  
  75  22:08  Spore Crawler  
  70  22:09  Drone  
  70  22:12  Drone  
  70  22:14  Zergling x2  
  70  22:15  Drone  
  52  22:18  Drone  
  52  22:21  Drone  
  52  22:22  Roach  
  47  22:24  Drone  
  47  22:27  Drone  
  47  22:28  Mutalisk  
  46  22:36  Hydralisk  
  40  22:43  Zergling x2  
  35  22:51  Roach  
  29  23:00  Corruptor  
  22  23:09  Drone  
  22  23:10  Corruptor  
  20  23:14  Drone x2  
  20  23:15  Drone  
  20  23:21  Infestor  
  8  23:43  Hatchery  
  5  23:50  Drone  
  5  23:51  Drone  
Show
View Real Time Build Order
Export as new Build Order

FroGGe Zerg - Winner!

Build Orders: Pool First 

Get SALT Encoding   

  12  0:03  Drone  
  13  0:15  Drone  
  14  0:25  Overlord  
  14  0:48  Drone x3, Spawning Pool  
  16  1:16  Drone  
  16  1:18  Drone  
  18  1:22  Overlord  
  18  1:36  Zergling x2  
  19  1:50  Extractor  
  19  1:54  Extractor  
  17  2:08  Evolution Chamber  
  16  2:10  Drone x3  
  19  2:21  Queen  
  21  2:29  Zergling x2  
  22  2:45  Drone x2  
  24  3:08  Lair  
  24  3:22  Drone x3  
  27  3:29  Zerg Missile Weapons Level 1  
  27  4:12  Hydralisk Den  
  26  4:46  Hydralisk x2  
  30  4:54  Overlord  
  30  4:56  Overlord  
  30  4:57  Overlord  
  30  5:22  Hatchery, Grooved Spines  
  29  5:50  Hydralisk x3  
  35  6:07  Zerg Ground Armor Level 1  
  35  6:14  Hydralisk  
  35  6:15  Hydralisk  
  39  6:34  Muscular Augments  
  37  6:53  Hydralisk x3  
  43  7:04  Drone x2  
  43  7:05  Drone  
  33  7:50  Hydralisk  
  33  7:51  Hydralisk x2  
  39  8:01  Zerg Missile Weapons Level 2  
  39  8:26  Hydralisk, Roach Warren  
  38  8:27  Hydralisk x3  
  46  8:36  Drone x2  
  50  8:58  Hydralisk x2  
  54  9:04  Queen  
  52  9:31  Hydralisk x2  
  52  9:32  Hydralisk x2  
  60  9:45  Overlord  
  60  9:59  Extractor  
  59  10:16  Zerg Ground Armor Level 2  
  59  10:22  Hydralisk  
  59  10:23  Hydralisk x3  
  67  10:40  Overlord  
  67  11:08  Hatchery  
  66  11:14  Hydralisk x4  
  66  11:18  Drone x2  
  74  12:01  Hydralisk  
  76  12:24  Hydralisk x2  
  76  12:25  Hydralisk  
  82  12:30  Overlord x2  
  82  12:32  Overlord  
  82  13:11  Infestation Pit  
  81  13:54  Hydralisk x4  
  81  13:55  Hydralisk x6  
  93  13:56  Hydralisk x2  
  105  14:22  Hive  
  83  15:44  Hydralisk x3  
  83  15:45  Hydralisk x4  
  85  15:58  Zerg Missile Weapons Level 3  
  85  16:09  Extractor  
  72  16:49  Hydralisk x5  
  61  17:42  Hydralisk  
  63  17:59  Extractor  
  62  18:44  Hydralisk  
  64  19:08  Extractor  
  62  19:11  Extractor  
  47  20:28  Hydralisk x2  
  47  20:29  Hydralisk x5  
  47  20:30  Hydralisk x2  
  65  20:38  Lair  
  65  20:42  Drone  
  66  20:48  Drone  
  66  20:49  Drone  
  60  22:22  Hydralisk x6  
  66  22:23  Hydralisk x3  
  71  23:43  Hydralisk x5  
  71  23:44  Hydralisk x4  
  68  24:53  Hydralisk x5  
  68  24:54  Hydralisk x6  
  90  25:14  Overlord  
  90  25:16  Overlord  
  90  25:36  Queen  
  90  25:38  Hydralisk  
  90  25:39  Hydralisk x2  
Show
View Real Time Build Order
Export as new Build Order

Lunarbears Terran - Winner!

Build Orders:  

Get SALT Encoding   

  12  0:05  SCV  
  13  0:17  Supply Depot  
  13  0:24  SCV  
  14  0:36  SCV  
  15  0:44  Supply Depot  
  15  0:48  SCV  
  16  0:57  Barracks  
  16  1:00  SCV  
  17  1:11  Supply Depot  
  17  1:13  SCV  
  18  1:20  Refinery  
  18  1:25  SCV  
  19  1:26  Refinery  
  19  1:49  Engineering Bay  
  19  1:53  Barracks  
  19  1:56  Marine  
  20  2:03  SCV  
  21  2:13  Marine  
  21  2:15  SCV  
  23  2:18  Terran Infantry Weapons Level 1  
  23  2:31  Marine  
  23  2:35  Supply Depot  
  24  2:38  SCV  
  25  2:49  Marine  
  25  2:50  SCV  
  27  2:52  Barracks  
  27  3:07  Marine  
  28  3:14  Barracks Tech Lab  
  28  3:25  Marine  
  30  3:27  SCV  
  30  3:36  Marine  
  30  3:37  Command Center  
  31  3:42  Marine  
  31  3:48  Supply Depot  
  32  3:54  Marauder  
  34  4:00  Factory  
  34  4:16  Marauder  
  36  4:47  Marauder, Marine x2  
  40  4:59  Starport  
  40  5:05  Marine  
  39  5:20  Marine x2  
  34  5:43  SCV  
  35  5:56  Fusion Core, SCV, Starport Tech Lab  
  36  6:02  Marine x2  
  36  6:03  Marine  
  29  6:20  Marine x2  
  29  6:21  Marauder  
  31  6:38  Marine  
  31  6:43  Marauder  
  33  6:59  Marine x2  
  35  7:04  Marauder  
  37  7:09  SCV  
  37  7:12  SCV  
  39  7:21  SCV  
  39  7:22  Battlecruiser  
  46  7:24  SCV  
  46  7:25  Marauder  
  49  7:33  SCV  
  49  7:36  SCV  
  44  7:54  Supply Depot  
  44  8:26  Battlecruiser  
  50  8:27  Marine x2  
  50  8:28  Marine  
  53  8:45  Marine x2  
  53  8:46  Marauder  
  57  8:53  Factory Tech Lab  
  57  8:57  Terran Infantry Armor Level 1  
  57  9:02  Marine  
  57  9:03  Marine  
  57  9:07  Marine  
  60  9:20  Marine  
  40  10:53  Battlecruiser  
  46  11:00  SCV  
  47  11:11  Marine x3  
  47  11:12  SCV  
  51  11:24  SCV  
  52  11:29  Marine x3  
  52  11:31  Fusion Core  
  55  11:42  Refinery  
  55  11:47  Marine x3  
  58  12:04  Marine  
  58  12:07  Marine x2  
  61  12:22  Marine  
  62  12:24  Marine  
  62  12:25  Marine  
  64  12:40  Marine  
  64  12:43  Marauder  
  67  12:46  Battlecruiser  
  58  13:04  Marauder  
  53  13:26  Marauder  
  55  14:26  SCV  
  56  14:38  SCV  
  57  14:50  SCV  
  56  16:09  Supply Depot  
  56  16:31  SCV  
  57  16:43  SCV  
  57  16:45  Marine x3  
  61  16:53  Supply Depot  
  61  17:03  Marine  
  65  18:14  Battlecruiser  
  50  19:10  Marine x3  
  53  19:19  Battlecruiser  
  59  19:27  Marine x2  
  59  19:29  Marauder  
  63  19:50  Marauder  
  65  19:59  Command Center  
  65  20:11  Marauder  
  67  21:17  Weapon Refit  
  67  21:28  Battlecruiser  
  73  21:40  Marine x3  
  76  21:57  Marine  
  75  23:43  Command Center  
Show
View Real Time Build Order
Export as new Build Order

larsgj Terran - Winner!

Build Orders:  

Get SALT Encoding   

  12  0:01  SCV  
  13  0:13  SCV  
  14  0:18  Supply Depot  
  14  0:25  SCV  
  15  0:43  Barracks  
  15  0:46  SCV  
  16  0:54  Engineering Bay  
  16  1:02  SCV  
  17  1:11  Refinery  
  17  1:14  SCV, Refinery  
  18  1:21  Supply Depot  
  18  1:31  Marine  
  18  1:32  Supply Depot  
  19  1:43  Barracks  
  19  1:50  Supply Depot  
  19  1:53  Marine  
  20  2:01  SCV  
  21  2:13  SCV  
  22  2:25  SCV  
  22  2:26  Factory  
  23  2:38  Terran Infantry Weapons Level 1, SCV  
  23  2:42  Marine  
  25  2:50  Bunker  
  25  3:02  Marine  
  25  3:05  Marine  
  27  3:20  Marine  
  27  3:21  SCV  
  27  3:22  Bunker  
  29  3:28  Marine  
  30  3:37  Marine, Supply Depot  
  31  3:46  Marine  
  32  3:54  SCV  
  32  3:55  Marine  
  34  4:03  Marine  
  34  4:06  SCV  
  36  4:13  Marine  
  36  4:14  Armory  
  37  4:25  Bunker  
  37  4:32  Terran Infantry Armor Level 1  
  37  4:57  Supply Depot  
  37  5:00  Marine  
  37  5:01  Marine  
  39  5:09  Orbital Command  
  39  5:15  Supply Depot  
  39  5:18  Marine  
  40  5:23  Missile Turret  
  40  5:33  Starport  
  40  5:40  Starport  
  40  5:46  Terran Vehicle And Ship Armor Level 1  
  40  5:49  Missile Turret  
  40  5:59  Supply Depot  
  40  6:11  Missile Turret  
  40  6:25  Command Center  
  40  6:34  Missile Turret  
  40  7:11  Starport Tech Lab x2  
  40  7:40  Terran Ship Weapons Level 1  
  40  8:02  Fusion Core  
  40  8:25  Command Center  
  40  8:29  Orbital Command  
  40  9:13  Battlecruiser x2  
  52  9:34  Terran Vehicle And Ship Armor Level 2  
  52  9:41  Orbital Command  
  52  10:17  Battlecruiser  
  64  10:39  Battlecruiser  
  64  11:08  Orbital Command  
  64  11:21  Battlecruiser  
  70  11:34  SCV  
  71  11:47  SCV  
  72  11:50  Terran Ship Weapons Level 2  
  72  11:52  Battlecruiser  
  78  11:59  SCV  
  79  12:11  SCV  
  79  12:12  Refinery  
  80  12:19  Refinery  
  80  12:23  SCV  
  81  12:35  SCV  
  82  12:47  SCV  
  82  12:49  Supply Depot  
  83  12:53  Battlecruiser  
  89  12:59  SCV  
  90  13:11  SCV  
  91  13:12  Command Center  
  91  13:13  Supply Depot  
  91  13:17  Command Center  
  91  13:23  SCV  
  88  13:35  Supply Depot  
  88  13:57  Supply Depot  
  88  14:07  Battlecruiser x2  
  100  14:20  Supply Depot  
  100  14:42  Supply Depot  
  100  15:11  Battlecruiser x2  
  112  15:25  Weapon Refit  
  112  15:30  Terran Vehicle And Ship Armor Level 3  
  112  17:54  Battlecruiser  
  112  17:55  Battlecruiser  
  124  18:07  Terran Ship Weapons Level 3  
  124  19:22  Battlecruiser  
  127  22:40  Battlecruiser x2  
  139  23:44  Battlecruiser  
  145  24:45  Battlecruiser  
  151  24:49  Battlecruiser  
Tags
 
Add a new tag
Caveats
  • Supply blocks, unpowered buildings, or Contaminate may cause inaccurate times.
  • Supply counts are checked every 10 seconds.